 Dungeon Crawl Stone Soup version 0.28.0-53-g5a82cb258f (webtiles) character file.

Game seed: 8119791227639133121

1134 pkoi the Martial Artist (level 7, -2/55 HPs)
             Began as a Demigod Gladiator on June 6, 2022.
             Slain by an orc warrior
             ... wielding a +0 dire flail
              (18 damage)
             ... on level 6 of the Dungeon.
             The game lasted 00:09:03 (9272 turns).

pkoi the Martial Artist (Demigod Gladiator)         Turns: 9272, Time: 00:09:03

Health: -2/55      AC:  6    Str: 13    XL:     7   Next: 90%
Magic:  9/9        EV: 13    Int: 18    God:
Gold:   270        SH:  0    Dex: 21    Spells: 6/6 levels left

rFire   . . .      SeeInvis .   q - +9 rapier "Teteapam" {freeze, rPois rC+ Str-2 Stlth+}
rCold   + . .      Faith    .   (no shield)
rNeg    . . .      Spirit   .   a - +0 leather armour
rPois   +          Reflect  .   b - +1 helmet
rElec   .          Harm     .   n - +0 cloak
rCorr   .          Rampage  .   (no gloves)
Will    .....                   (no boots)
Stlth   +++.......              (no amulet)
HPRegen 0.18/turn               k - +6 ring of dexterity
MPRegen 0.11/turn               j - ring of flight

@: flying
A: high MP 1, forlorn, divine attributes
a: no special abilities


You were on level 6 of the Dungeon.
You visited 1 branch of the dungeon, and saw 6 of its levels.
You also visited: Sewer.

You collected 270 gold pieces.

Inventory:

Hand Weapons
 f - a +0 short sword of venom
 q - the +9 rapier "Teteapam" (weapon) {freeze, rPois rC+ Str-2 Stlth+}
   (You found it on level 6 of the Dungeon)

   It freezes those it strikes, dealing additional cold damage.
   It can also slow down cold-blooded creatures.
   Str:       It affects your strength (-2).
   rC:        It protects you from cold.
   rPois:     It protects you from poison.
   Stlth:     It makes you more stealthy.
Missiles
 c - 3 throwing nets (quivered)
Armour
 a - a +0 leather armour (worn)
 b - a +1 helmet (worn)
 n - a +0 cloak (worn)
Jewellery
 h - a ring of positive energy
 j - a ring of flight (right hand)
 k - a +6 ring of dexterity (left hand)
 o - a ring of protection from fire
Scrolls
 d - 3 scrolls of identify
Potions
 e - a potion of curing
 g - a potion of ambrosia
 i - a potion of lignification
 l - 2 potions of attraction
 m - 5 potions of flight
 p - 2 potions of heal wounds
 r - 2 potions of might {unknown}


   Skills:
 - Level 2.0 Fighting
 - Level 1.7 Throwing
 + Level 2.2 Armour
 + Level 3.7 Dodging
 * Level 8.5 Unarmed Combat


You had 6 spell levels left.
You didn't know any spells.
Your spell library was empty.

Dungeon Overview and Level Annotations

Branches:
Dungeon (6/15)             Temple (0/1) D:5           Sewer (visited)

Annotations:
D:2 1 runed translucent door, Crazy Yiuf


Innate Abilities, Weirdness & Mutations

You have an increased reservoir of magic. (+10% MP)
You shall have no god before yourself.
Your divine heritage dramatically boosts your attributes as you level up.


Message History

No target in view!
Found a stone staircase leading down.
There is an open door here.
There is an open door here.
An orc warrior is nearby!
The orc priest shouts!
You hit the orc warrior but do no damage.
The orc warrior hits you with a +0 dire flail!!
* * * LOW HITPOINT WARNING * * *
The orc priest begins to cast a cantrip, but forgets the words!
You are too injured to fight recklessly!
You are too injured to fight recklessly!
You are too injured to fight recklessly!
You are too injured to fight recklessly!
You are too injured to fight recklessly!
You are too injured to fight recklessly!
You are too injured to fight recklessly!
You are too injured to fight recklessly!
You are too injured to fight recklessly!
Unknown command.
You puncture the orc warrior! You freeze the orc warrior.
The orc warrior is heavily wounded.
The orc warrior barely misses you.
The orc warrior hits you with a +0 dire flail.
* * * LOW HITPOINT WARNING * * *
You barely miss the orc priest.
You punch the orc priest, but do no damage.
The orc warrior hits you with a +0 dire flail!
* * * LOW HITPOINT WARNING * * *
The orc priest barely misses you.
You hit the orc warrior but do no damage.
You punch the orc warrior, but do no damage.
The orc warrior is heavily wounded.
The orc warrior hits you but does no damage.
The orc priest calls upon Beogh to heal the orc warrior.
The orc warrior is healed somewhat.
You barely miss the orc warrior.
The orc warrior is moderately wounded.
The orc warrior hits you with a +0 dire flail!!
You die...

...................#....≈≈#≈≈≈≈≈≈
...................#....≈#≈≈≈≈#≈#
...................#.....#≈≈#≈≈≈≈
'###################.....≈##≈≈###
........##..#..............#≈##..
........#...#....................
........#...#....(.[.....#...#...
........#...#..o.........#...#W..
........###'#...@o.......#...#...
##............##+###.....#...#...
.#............'....#.....#...#...
.+............#....#.....#...#...
.#............#....#>....#...#...
.#............#....#.....#...#...
.#............#....#.....#...#...
.#............#....#.....#...#...
.#............#....#.....#...#...


You could see an orc warrior and an orc priest.

Vanquished Creatures
  A wraith (D:6)
  2 necrophages (D:6)
  An ogre (D:5)
  A phantom (D:5)
  A kobold brigand (Sewer)
  An electric eel (D:6)
  2 centaur zombies
  A bullfrog zombie (D:5)
  A jelly (D:5)
  A gnoll shaman (D:5)
  3 hounds
  2 iguanas
  5 gnolls
  A howler monkey skeleton (D:5)
  6 adders
  4 river rats
  A worm (D:2)
  4 dart slugs
  8 orcs
  5 endoplasms
  3 giant cockroaches
  5 goblins
  12 hobgoblins
  4 jackals
  8 kobolds
  8 quokkas
  8 ball pythons
  10 bats
  A frilled lizard (D:3)
  6 rats
116 creatures vanquished.

Notes
Turn   | Place    | Note
-------+----------+-------------------------------------------
     0 | D:1      | pkoi the Demigod Gladiator began the quest for the Orb.
     0 | D:1      | Reached XP level 1. HP: 17/17 MP: 3/3
    79 | D:1      | Reached skill level 3 in Unarmed Combat
   250 | D:1      | Reached XP level 2. HP: 20/24 MP: 4/4
  1511 | D:2      | Reached XP level 3. HP: 24/29 MP: 5/5
  1632 | D:2      | Reached skill level 4 in Unarmed Combat
  1745 | D:2      | Found a runed translucent door.
  1746 | D:2      | Noticed Crazy Yiuf
  3569 | D:3      | Reached XP level 4. HP: 16/36 MP: 6/6
  4692 | D:4      | Reached skill level 5 in Unarmed Combat
  4784 | D:4      | Found a glowing drain.
  4826 | D:4      | Reached XP level 5. HP: 24/41 MP: 7/7
  4861 | Sewer    | Entered a sewer
  5404 | Sewer    | Reached skill level 6 in Unarmed Combat
  6454 | D:5      | Entered Level 5 of the Dungeon
  6473 | D:5      | Reached XP level 6. HP: 38/48 MP: 8/8
  6929 | D:5      | Reached skill level 7 in Unarmed Combat
  7216 | D:5      | Found a staircase to the Ecumenical Temple.
  7412 | D:6      | Reached XP level 7. HP: 55/55 MP: 9/9
  8321 | D:6      | Noticed a wraith
  8501 | D:6      | Reached skill level 1 in Armour
  8589 | D:6      | Reached skill level 8 in Unarmed Combat
  8668 | D:6      | Killed a wraith
  8969 | D:6      | Identified the +9 rapier "Teteapam" {freeze, rPois rC+
                  | Str-2 Stlth+}
  9272 | D:6      | Slain by an orc warrior

Illustrated notes

Levels and vault maps discovered:
D:1:      dpeg_arrival_three_bigger_balls, layout_basic, serial_aquarium,
          aquarium_bridge_straight [aquarium_subvault_bridge,
          aquarium_subvault_wall, aquarium_subvault_bridge,
          aquarium_subvault_wall], aquarium_window_2, aquarium_window_1,
          aquarium_window_2, aquarium_window_corridor_1, aquarium_view_2d,
          aquarium_pool_corner, minmay_misc_feat_more_columns
D:2:      layout_loops_ring, serial_rivers, chequers_serial_rivers_marsh,
          chequers_serial_rivers_small_b, chequers_serial_rivers_room_a,
          chequers_serial_rivers_micro_b, patterned_corridor,
          uniq_crazy_yiuf_cottage
D:3:      layout_loops_cross, elyvilon_altar_5, mainiacjoe_overflow_chevrons,
          nicolae_ecumenical_pavilion
D:4:      layout_cave_pools, portal_sewer_entry_b, serial_column_ruins,
          column_ruins_open_small, column_ruins_open_tiny, column_ruins_grid_1,
          column_ruins_grid_1
D:5:      layout_cave_pools, nicolae_uskayaw_suspiria,
          minmay_temple_entry_antechambers, skrybe_limestone_x
D:6:      layout_gridville, lemuel_round_altar, minitemple, minivault_4

Skill      XL: |  1  2  3  4  5  6  7 |
---------------+----------------------+-----
Unarmed Combat | 3 4 5 6 7 8 |  8.5
Fighting       | 2 |  2.0
Armour         | 2 |  2.2
Dodging        | 3 |  3.7
Throwing       | |  1.7

Action                   |  1- 3 |  4- 6 |  7- 9 || total
-------------------------+-------+-------+-------++-------
Melee: Unarmed           |   189 |   217 |    81 ||   487
       Punch             |     9 |    11 |     5 ||    25
       Short sword       |       |    14 |       ||    14
       Rapier            |       |       |    13 ||    13
  Use: Scroll            |     3 |     7 |       ||    10
       Potion            |       |       |     1 ||     1
 Stab: Sleeping          |     1 |       |     1 ||     2
       Distracted        |     1 |       |       ||     1
Armor: Leather armour    |    51 |    53 |    15 ||   119
       Skin              |       |       |     8 ||     8
Dodge: Dodged            |   121 |   133 |    47 ||   301
